[Event "*** Titled Tuesday Blitz"]
[Site "Chess.com"]
[Date "2020.12.29"]
[Round "11"]
[White "Piotrek1979"]
[Black "juancruzarias"]
[Result "1-0"]
[WhiteElo "2437"]
[BlackElo "2543"]
[TimeControl "180+1"]
[EndTime "12:06:22 PST"]
[Termination "Piotrek1979 won by resignation"]

1. e4 c5 2. Nf3 g6 3. d4 cxd4 4. Qxd4 Nf6 5. Nc3 Nc6 6. Qa4 d6 7. e5 Ng4 8. Bb5 Bg7 9. exd6 O-O 10. Bxc6 bxc6 11. O-O Qxd6 12. Bf4 e5 13. Rad1 Qc7 14.
Bc1 Bf5 15. Ne4 Rad8 16. h3 Nf6 17. Nxf6+ Bxf6 18. Be3 Rxd1 19. Rxd1 e4 20. Nd4 Rd8 21. c3 c5 22. Nxf5 Rxd1+ 23. Qxd1 gxf5 24. Qd5 Qe5 25. Qxe5 Bxe5 26. Bxc5 a6 27. Bd4 Bd6 28. b4 Kf8 29. a4 Ke7 30. b5 axb5 31. axb5 f4 32. c4 f5 33. Kf1 f3 34. gxf3 exf3 35. c5 Bf4 36. b6 Kd7 37. Ke1 Kc6 38. Be3 Be5 39. Kd1 f4 40. Bd2 Kxc5 41. b7 Kc6 42. Bc3 Bb8 43.
Kc2 Kxb7 44. Kd3 Kc6 45. Ke4 Kc5 46. Be5 Ba7 47. Bd4+ 1-0

[Event "*** Titled Tuesday Blitz"]
[Site "Chess.com"]
[Date "2020.12.29"]
[Round "11"]
[White "m_ezat"]
[Black "1977Ivan"]
[Result "0-1"]
[WhiteElo "2534"]
[BlackElo "2693"]
[TimeControl "180+1"]
[EndTime "12:06:23 PST"]
[Termination "1977Ivan won by resignation"]

1. d4 d5 2. c4 Nc6 3. cxd5 Qxd5 4. e3 e5 5. Nc3 Bb4 6. Bd2 Bxc3 7. Bxc3 exd4 8.
Ne2 Nf6 9. Nxd4 O-O 10. Nb5 Qg5 11. h4 Qh6 12. Nxc7 Bg4 13. Qb3 Rac8 14. Qxb7 Ne4 15. Nd5 Nxc3 16. bxc3 Kh8 17. Bb5 Ne5 18. Nf4 Rfd8 19.
Qe7 f6 20. f3 Bf5 21. Rd1 Rxd1+ 22. Kxd1 Ng6 23. Nxg6+ hxg6 24. h5 gxh5 25. g4 Bg6 26. Bd7 Rxc3 27. Qf8+ Kh7 28. Bf5 Bxf5 29. Rxh5 Rd3+ 30.
Ke1 Rxe3+ 31. Kf2 Qxh5 32. gxh5 Re5 33. Qb8 a5 34. Qb6 Kh6 35. Qd8 Kxh5 36. Qh8+ Kg6 37. Qh2 Be6 38. Qg3+ Kf7 39. Qh4 Bxa2 40. Qa4 Be6 41. f4 Rf5 42. Kg3 g5 43. Qc6 gxf4+ 44. Kf3 Bd5+ 45. Kg4 Bxc6 46. Kxf5 f3 0-1

[Event "*** Titled Tuesday Blitz"]
[Site "Chess.com"]
[Date "2020.12.29"]
[Round "11"]
[White "BogdanDeac"]
[Black "SantoBlue"]
[Result "0-1"]
[WhiteElo "2998"]
[BlackElo "2903"]
[TimeControl "180+1"]
[EndTime "12:06:24 PST"]
[Termination "SantoBlue won on time"]

1. Nf3 Nf6 2. d4 g6 3. Nbd2 Bg7 4. e4 d6 5. Bb5+ c6 6. Bd3 O-O 7. O-O Qc7 8. Re1 e5 9. c3 Re8 10. a4 a5 11. Nf1 Nbd7 12. Ng3 Nf8 13. h3 Ne6 14. Be3 h6 15. Qd2 Kh7 16. Bc4 b6 17. Rad1 Bb7 18. dxe5 dxe5 19. Qd6 Qxd6 20. Rxd6 Bf8 21.
Rdd1 Nc5 22. Bxf7 Re7 23. Bxc5 bxc5 24. Bc4 Rb8 25. Rd6 Kg7 26. Red1 Ree8 27. R6d2 Bc8 28.
b3 Rb7 29. Rd3 Rbe7 30. Rd8 Bd7 31. Rxe8 Rxe8 32. Kf1 Bc8 33. Ke2 h5 34. Ke3 Kh8 35.
h4 Bh6+ 36. Ke2 Bg4 37. Rd6 Kg7 38. Rxc6 Rd8 39. Rc7+ Kh8 40. Bd3 Ne8 41. Rxc5 Ng7 42. Rxe5 Ne6 43. Rxe6 Bxe6 44. b4 Ra8 45. b5 Bb3 46.
Nd4 Bxa4 47. e5 Bf4 48. e6 Be5 49. Ne4 Bxd4 50. cxd4 Bb3 51. Nc5 Bd5 52. Bxg6 Kg7 53. Bxh5 a4 54. e7 a3 0-1

[Event "*** Titled Tuesday Blitz"]
[Site "Chess.com"]
[Date "2020.12.29"]
[Round "11"]
[White "Chesswizard_2007"]
[Black "Shepherdboy"]
[Result "0-1"]
[WhiteElo "2648"]
[BlackElo "2399"]
[TimeControl "180+1"]
[EndTime "12:06:25 PST"]
[Termination "Shepherdboy won by checkmate"]

1. d4 d5 2. c4 e6 3. Nc3 Nf6 4. cxd5 Nxd5 5. e4 Nxc3 6. bxc3 c5 7. Rb1 Be7 8. Nf3 O-O 9. Be2 b6 10. O-O Bb7 11. Bd3 cxd4 12. cxd4 Nc6 13. Be3 Rc8 14. g3 Nb4 15. Ne5 f6 16. Rxb4 Bxb4 17. Nf3 f5 18. exf5 exf5 19. Ne5 Qd5 20. f3 Bd6 21. Bc2 Rxc2 22.
Qxc2 f4 23. gxf4 Rf6 24. Qb3 Qxb3 25. axb3 Bd5 26. Ra1 a5 27. Rb1 Bb4 28. Nc4 Bxf3 29. d5 Bxd5 30. Nxb6 Rg6+ 31. Kf1 Be6 32. Rc1 h5 33.
Nc4 h4 34. Kf2 h3 35. Bd4 Rg2+ 36. Kf3 Bd5+ 37. Ke3 Rxh2 38. Bb6 Rg2 39. Bxa5 Bxa5 40. Nxa5 h2 41. Rh1 Re2+ 42. Kxe2 Bxh1 43. Nc4 Bd5 44. Ne5 h1=Q 45. b4 Qe4+ 46. Kd2 Qxb4+ 47. Ke3 Qe4+ 48. Kf2 Qxf4+ 49. Nf3 Qxf3+ 50. Kg1 Qg2# 0-1

[Event "*** Titled Tuesday Blitz"]
[Site "Chess.com"]
[Date "2020.12.29"]
[Round "11"]
[White "EugeneRougon"]
[Black "rasmussvane"]
[Result "0-1"]
[WhiteElo "2761"]
[BlackElo "2886"]
[TimeControl "180+1"]
[EndTime "12:06:26 PST"]
[Termination "rasmussvane won by resignation"]

1. e4 c6 2. d4 d5 3. Nc3 dxe4 4. Nxe4 Nf6 5. Nxf6+ exf6 6. c3 Bd6 7. Bd3 O-O 8.
Qc2 Re8+ 9. Ne2 h5 10. Be3 Nd7 11. O-O-O Nf8 12. Kb1 Be6 13. c4 Rc8 14. Nc3 Bb4 15.
Ne4 Be7 16. Nc5 Bxc5 17. dxc5 Qc7 18. Be2 g6 19. Rd6 b6 20. Rhd1 Nd7 21. Bd3 Ne5 22.
Be4 f5 23. Bf4 Nxc4 24. Rxe6 Qxf4 25. Rxe8+ Rxe8 26. Bxc6 Rc8 27. g3 Qe5 28. Bd5 Na5 29.
c6 Kg7 30. b4 Nb7 31. cxb7 Rxc2 32. Kxc2 a5 33. bxa5 bxa5 34. Rd2 Kf6 35. f4 Qc7+ 36.
Kb3 Qb6+ 37. Kc2 Qc5+ 38. Kd1 Qb6 39. Kc1 Ke7 40. Rb2 Qe3+ 41. Kc2 Qc5+ 42. Kb1 Qxd5 43. Re2+ Kf6 44. b8=Q Qd1+ 45. Kb2 Qxe2+ 46. Kb3 Kg7 47. Ka4 Qxa2+ 48. Kb5 Qb2+ 0-1

[Event "*** Titled Tuesday Blitz"]
[Site "Chess.com"]
[Date "2020.12.29"]
[Round "11"]
[White "Blue_Ratatoeskr"]
[Black "MVM2008"]
[Result "1-0"]
[WhiteElo "2352"]
[BlackElo "2213"]
[TimeControl "180+1"]
[EndTime "12:06:26 PST"]
[Termination "Blue_Ratatoeskr won by resignation"]

1. c4 Nf6 2. g3 g6 3. Bg2 d5 4.
cxd5 Nxd5 5. Nc3 Nxc3 6. bxc3 Bg7 7. h4 c6 8. h5 Bg4 9. hxg6 hxg6 10. Rxh8+ Bxh8 11. Rb1 Qd7 12. Qb3 b6 13. d3 Na6 14.
Qa4 Bxc3+ 15. Kf1 Nc5 16. Qxc6 Rd8 17. Be3 Qxc6 18. Bxc6+ Bd7 19. Bg2 Ne6 20. Nf3 Bc6 21. Rc1 Bxf3 22. Bxf3 Bd4 23. Bh6 Bc5 24. Bc6+ Rd7 25.
e3 Kd8 26. Bxd7 Kxd7 27. d4 Bd6 28. Bf4 Ba3 29. Rc3 Bb4 30. Rc4 a5 31. Bb8 b5 32.
Rc2 Nd8 33. g4 Nc6 34. Bg3 f6 35. Ke2 e5 36. Kd3 exd4 37. exd4 Bd6 38. Bxd6 Kxd6 39.
Rc5 Na7 40. Ke4 a4 41. a3 b4 42. axb4 Nc6 43. b5 Nb4 44. Rc4 Na2 45. Kd3 a3 46. Kc2 Kd5 47. Ra4 Nb4+ 48. Rxb4 a2 49. Ra4 a1=Q 50. Rxa1 1-0

[Event "*** Titled Tuesday Blitz"]
[Site "Chess.com"]
[Date "2020.12.29"]
[Round "11"]
[White "Harsha_Bharathakoti"]
[Black "Jungle_Jaguar"]
[Result "0-1"]
[WhiteElo "2791"]
[BlackElo "2635"]
[TimeControl "180+1"]
[EndTime "12:06:27 PST"]
[Termination "Jungle_Jaguar won by checkmate"]

1. b3 d5 2. Bb2 Bg4 3. g3 Nf6 4. Bg2 e6 5. Nf3 Nbd7 6. O-O Bd6 7. c4 O-O 8. d3 c6 9. Nbd2 e5 10. h3 Bh5 11. Nh4 Re8 12. Re1 Nb6 13. Qc2 Bf8 14.
e3 Rc8 15. g4 Bg6 16. Nxg6 hxg6 17. Rad1 Qd7 18. Nf3 Qc7 19. cxd5 Nbxd5 20. a3 Bd6 21. Nd2 Qb8 22. g5 Nd7 23. Ne4 Bc7 24. Qe2 Nf8 25.
Qg4 Rcd8 26. h4 Qc8 27. Qf3 Qf5 28. Qg3 Qd7 29. Bf3 Qe7 30. h5 a5 31. Kg2 Nb6 32.
Rh1 Nbd7 33. hxg6 Nxg6 34. Qh3 Ndf8 35. Rh2 Qe6 36. Bg4 Qxb3 37. Rdh1 f6 38. gxf6 Qxb2 39. fxg7 Kxg7 40. Qf3 Rd6 41. Nxd6 Bxd6 42. Bf5 e4 43. Bxe4 Bxh2 44. Rxh2 Qe5 45. Rh3 Re6 46. Rg3 Rf6 47. Qg4 Qb2 48. Qc8 Qxf2+ 49. Kh3 Qf1+ 50. Rg2 Qh1+ 51. Kg3 Qh4# 0-1

[Event "*** Titled Tuesday Blitz"]
[Site "Chess.com"]
[Date "2020.12.29"]
[Round "11"]
[White "elextranjero00"]
[Black "Koksal06"]
[Result "1/2-1/2"]
[WhiteElo "2605"]
[BlackElo "2474"]
[TimeControl "180+1"]
[EndTime "12:06:27 PST"]
[Termination "Game drawn by agreement"]

1. Nf3 c6 2. e4 d5 3. d3 Bg4 4.
h3 Bh5 5. Nbd2 e6 6. g4 Bg6 7.
h4 h6 8. Qe2 Nf6 9. h5 Bh7 10.
g5 hxg5 11. Nxg5 Bg8 12. Bg2 Na6 13. Nb3 Qc7 14. Bd2 O-O-O 15. O-O-O Nc5 16. Nxc5 Bxc5 17. f4 Kb8 18. e5 Nd7 19. Kb1 Ka8 20. Qg4 Re8 21. Bc1 f6 22. Nf3 Bh7 23. h6 gxh6 24.
Rxh6 Bf5 25. Rxh8 Rxh8 26. Qg7 Rh7 27. Qg8+ Qb8 28. Qg3 fxe5 29. fxe5 a6 30. a3 Qf8 31. Bf4 Qg7 32. Ng5 Rh8 33. d4 Be7 34. Rg1 Rg8 35.
Bf1 Bxg5 36. Bxg5 Qg6 37. Qf2 Nb6 38. Be3 Qxg1 39. Qxg1 Rxg1 40. Bxg1 Kb8 41. Kc1 Kc8 42. b3 Kd7 43. Kd2 Nc8 44. a4 Ne7 45. Be3 Be4 46.
c3 Nf5 47. Bf2 Ne7 48. Be2 Bf5 49. Bd1 Be4 50. Be2 Bg6 51. Bd1 Bf5 52. Be2 Ng6 53.
Be3 Nh4 54. Bd1 Ng6 55. c4 Ne7 56. Kc3 Be4 57. Be2 Bf5 58. Bd1 Be4 59. Be2 1/2-1/2

[Event "*** Titled Tuesday Blitz"]
[Site "Chess.com"]
[Date "2020.12.29"]
[Round "11"]
[White "Abdimalik_Abdisalimov"]
[Black "maheswaran26"]
[Result "0-1"]
[WhiteElo "2390"]
[BlackElo "2244"]
[TimeControl "180+1"]
[EndTime "12:06:27 PST"]
[Termination "maheswaran26 won on time"]

1. d4 Nf6 2. c4 g6 3. f3 Bg7 4. e4 d6 5. Nc3 O-O 6. Nge2 c6 7. Ng3 e5 8. d5 h5 9. Be2 h4 10. Nf1 Nh5 11. Be3 Nf4 12. Rg1 cxd5 13. cxd5 a6 14. g3 Nxe2 15. Qxe2 b5 16. Nd2 Nd7 17. O-O-O Nc5 18. Kb1 b4 19. Bxc5 bxc3 20. gxh4 dxc5 21. bxc3 Rb8+ 22. Kc2 Qa5 23. h5 Qxa2+ 24.
Kd3 Bd7 25. Ke3 Rb2 26. Ra1 Bh6+ 27. Kf2 Bb5 28. Rxa2 Rxa2 29. c4 Rxd2 30. cxb5 axb5 31. hxg6 Rxe2+ 32. Kxe2 f5 33. Rb1 fxe4 34. fxe4 b4 35. Kd3 Rf2 36. d6 Rd2+ 37. Kc4 Rxd6 38. Kxc5 Bf8 39. Kb5 Rd4 40. Re1 Kg7 41. Rf1 Rxe4 42.
Rf3 Rf4 43. Re3 Bd6 44. Kc6 Rd4 45. Rg3 e4 46. Rg2 e3 47. h4 Rd2 48. Rg1 e2 49. h5 Bf4 0-1

[Event "*** Titled Tuesday Blitz"]
[Site "Chess.com"]
[Date "2020.12.29"]
[Round "11"]
[White "Sueetin"]
[Black "ljuks68"]
[Result "0-1"]
[WhiteElo "2482"]
[BlackElo "2404"]
[TimeControl "180+1"]
[EndTime "12:06:29 PST"]
[Termination "ljuks68 won on time"]

1. d4 d5 2. c4 c6 3. cxd5 cxd5 4. Bf4 Nf6 5. e3 Nc6 6. Nc3 Bf5 7. Qb3 Na5 8. Qa4+ Bd7 9. Qc2 e6 10. Bd3 Nc6 11.
a3 Nh5 12. Be5 Nxe5 13. dxe5 g6 14. Nge2 Be7 15. Nd4 O-O 16. f4 Rc8 17. g4 Bh4+ 18.
Kf1 Ng7 19. Qg2 f6 20. Nf3 fxe5 21. Nxe5 d4 22. Ne4 dxe3 23. Ke2 Rxf4 24. Rhf1 Rxf1 25. Rxf1 Bb5 26. Nc3 Bxd3+ 27. Nxd3 Qc7 28. Rf3 Bg5 29.
Rf1 Rd8 30. Rd1 e5 31. Qe4 Ne6 32. Qxe5 Nf4+ 33. Kf3 Qc6+ 34. Ne4 Nxd3 35. Qxg5 Re8 36. Qxe3 Nc5 37. Re1 Nxe4 38. Qxe4 Rxe4 39. Rxe4 Kf7 40.
Kf4 Qd6+ 41. Ke3 Qc5+ 42. Rd4 Qc1+ 43. Rd2 Qc5+ 44. Kf3 Qe5 45. Rg2 Qd5+ 46. Kg3 Qd3+ 47. Kh4 h6 48. Rg3 Qd8+ 0-1

[Event "*** Titled Tuesday Blitz"]
[Site "Chess.com"]
[Date "2020.12.29"]
[Round "11"]
[White "VladaSviridova"]
[Black "Training_Day"]
[Result "0-1"]
[WhiteElo "2260"]
[BlackElo "2379"]
[TimeControl "180+1"]
[EndTime "12:06:29 PST"]
[Termination "Training_Day won on time"]

1. d4 Nf6 2. c4 g6 3. Nc3 d5 4. cxd5 Nxd5 5. e4 Nxc3 6. bxc3 Bg7 7. Bc4 c5 8. Ne2 O-O 9. O-O Nc6 10. Be3 e6 11. Rc1 b6 12. Qd2 Bb7 13. Rfd1 Qc7 14. Bf4 e5 15. Bg3 Na5 16. Bd3 Qe7 17. dxe5 Bxe5 18.
Bxe5 Qxe5 19. Qf4 Nc6 20. Qxe5 Nxe5 21. Bc2 Rad8 22. h3 Kg7 23. f4 Nc4 24. Kf2 Na3 25. e5 Nxc2 26. Rxd8 Rxd8 27. Rxc2 Be4 28. Rb2 Rd3 29. c4 Bf5 30. Nc1 Rd4 31. Nb3 Rxc4 32. g4 Be6 33. Ke3 Rc3+ 34. Ke4 Rxh3 35. Nd2 Bxg4 36.
a4 Bf5+ 37. Kd5 Rd3+ 38. Kc6 Rd4 39. a5 bxa5 40. Kxc5 Rxf4 41. Nc4 h5 42. Nxa5 h4 43. Nc4 h3 44. Rh2 Rf3 45. Nd2 Rg3 46. Nf1 Rg2 47. Rh1 Rf2 48. Ng3 a5 49. Nxf5+ gxf5 50. Rxh3 Re2 0-1

[Event "*** Titled Tuesday Blitz"]
[Site "Chess.com"]
[Date "2020.12.29"]
[Round "11"]
[White "Gerryisplaying"]
[Black "ChampStan"]
[Result "1-0"]
[WhiteElo "2289"]
[BlackElo "2179"]
[TimeControl "180+1"]
[EndTime "12:06:29 PST"]
[Termination "Gerryisplaying won by checkmate"]

1. d4 c5 2. d5 Nf6 3. Nc3 b5 4. Bg5 b4 5. Bxf6 gxf6 6. Ne4 f5 7. Ng3 d6 8. e3 Bg7 9. Rb1 Qa5 10. b3 Qxa2 11.
Bb5+ Bd7 12. Bxd7+ Nxd7 13. N1e2 e6 14. O-O Ke7 15.
Nf4 a5 16. dxe6 fxe6 17. Qh5 Nf6 18. Qg5 Rhg8 19. Nxe6 Kxe6 20. Qxf5+ Kf7 21. Ne4 Rad8 22. Ng5+ Kf8 23. Qe6 Rd7 24. Nxh7+ Nxh7 25. Qxd7 Qxc2 26. Qxd6+ Kf7 27. Qd7+ Kg6 28. Qe6+ Nf6 29. Rfc1 Qf5 30. Qxf5+ Kxf5 31. Rxc5+ Kg6 32. Rxa5 Rb8 33. h3 Ne4 34. Rd1 Nc3 35. Rd6+ Kh7 36. Ra7 Nb5 37. Rdd7 Nxa7 38. Rxa7 Kg6 39. Kf1 Bc3 40. Ke2 Rd8 41. Ra6+ Kf5 42.
Kf3 Rd1 43. g4+ Kg5 44. Kg3 Rg1+ 45. Kh2 Rb1 46. Kg3 Rg1+ 47. Kh2 Rb1 48. f4+ Kh4 49. Rh6# 1-0

[Event "*** Titled Tuesday Blitz"]
[Site "Chess.com"]
[Date "2020.12.29"]
[Round "11"]
[White "Kretov_Evgenij"]
[Black "ClydeHillKid"]
[Result "1-0"]
[WhiteElo "2516"]
[BlackElo "2385"]
[TimeControl "180+1"]
[EndTime "12:06:30 PST"]
[Termination "Kretov_Evgenij won by checkmate"]

1. d4 d5 2. c4 e6 3. Nc3 Nf6 4. cxd5 exd5 5. Bg5 c6 6. e3 Bd6 7. Bd3 O-O 8. Qc2 h6 9. Bh4 Re8 10. Nge2 Nbd7 11. O-O Bxh2+ 12. Kxh2 Ng4+ 13. Kg3 Ndf6 14. Bxf6 Qxf6 15. Nf4 g5 16. Nh3 Qd6+ 17. Kf3 Nh2+ 18.
Ke2 Bg4+ 19. Kd2 Nxf1+ 20. Bxf1 Bxh3 21. gxh3 Qh2 22. Qf5 Re6 23. Bd3 Rae8 24. Ne2 Qd6 25. a3 Kf8 26. Qg4 Ke7 27. h4 Rg8 28. Ng3 Kd8 29. f4 Kc7 30. hxg5 hxg5 31. Nf5 Qd8 32. Rg1 Reg6 33. fxg5 Rxg5 34. Qf4+ Kb6 35. Rxg5 Qxg5 36. Qd6 Rh8 37. a4 a6 38. a5+ Ka7 39. Kc3 Qd8 40. Qc5+ Kb8 41. b4 Rh1 42. Bc2 Kc7 43. Kb3 Rh3 44.
Qc3 Qd7 45. Qd2 Qe6 46. Qf2 Kd7 47. Qf4 Kc8 48. Kc3 Kd8 49. Bd3 Ke8 50. Qg4 Kd8 51. Qxh3 Kc8 52. Qg4 Kb8 53. Qf4+ Ka7 54. Qd6 Qe8 55.
Qc5+ Ka8 56. Qd6 Ka7 57. Qe7 Qc8 58. Nd6 Qb8 59. Bf5 Ka8 60. Bc8 Ka7 61. Bxb7 f5 62. Bxc6+ Qb7 63. Qxb7# 1-0

[Event "*** Titled Tuesday Blitz"]
[Site "Chess.com"]
[Date "2020.12.29"]
[Round "11"]
[White "Chessbard1972"]
[Black "bogcsab"]
[Result "1/2-1/2"]
[WhiteElo "2317"]
[BlackElo "2122"]
[TimeControl "180+1"]
[EndTime "12:06:31 PST"]
[Termination "Game drawn by repetition"]

1. e4 d6 2. d4 Nf6 3. Nc3 g6 4.
f4 Bg7 5. Nf3 O-O 6. e5 Nfd7 7. e6 fxe6 8. Bc4 Nb6 9. Bd3 Nc6 10.
h4 e5 11. d5 Nb4 12. h5 Nxd3+ 13. cxd3 exf4 14. hxg6 hxg6 15. Ng5 e5 16. Ne6 Bxe6 17.
dxe6 Qf6 18. Qg4 f3 19. Ne4 f2+ 20. Kf1 Qf5 21. Qh4 Qh5 22. Qxh5 gxh5 23. Rxh5 Rae8 24.
Ng5 Rf5 25. Be3 Nd5 26. Bd2 Nf6 27. Rh4 Nd5 28. g4 Rf6 29. Rc1 c6 30. Rc4 Nf4 31.
Bxf4 Rxf4 32. Rxf4 exf4 33. Kxf2 Bf6 34. Rh5 Bxg5 35.
Rxg5+ Kh7 36. Kf3 Rxe6 37. Kxf4 Rf6+ 38. Kg3 Rg6 39. Rf5 Kg7 40. g5 Re6 41. Kf3 Kg6 42. Ra5 b6 43. Rxa7 Kxg5 44. Ra6 Kf5 45. Rxb6 c5 46. a4 Ke5 47. a5 Re7 48. Ke3 Kd5+ 49.
Kd2 Ra7 50. a6 Kd4 51. Kc2 d5 52. Rd6 c4 53. dxc4 Kxc4 54. Rb6 Kc5 55. Rg6 Kb5 56. Rg5 Kc5 57. Rg6 Kb5 58. Rd6 Kc5 59. Re6 Kb5 60.
Re5 Kc5 61. Re6 Kb5 62. Rd6 Kc5 63. Re6 1/2-1/2

[Event "*** Titled Tuesday Blitz"]
[Site "Chess.com"]
[Date "2020.12.29"]
[Round "11"]
[White "queen_iryna"]
[Black "lacafi"]
[Result "1/2-1/2"]
[WhiteElo "2300"]
[BlackElo "2126"]
[TimeControl "180+1"]
[EndTime "12:06:31 PST"]
[Termination "Game drawn by repetition"]

1. e4 c6 2. d3 d5 3. Nd2 dxe4 4. dxe4 Nf6 5. Ngf3 e6 6. Be2 Nbd7 7. O-O Bc5 8.
c3 O-O 9. h3 h6 10. b4 Bb6 11.
Qc2 a5 12. Nc4 axb4 13. cxb4 Bc7 14. Be3 Nb6 15. Rfd1 Nfd7 16. Nd6 Qe7 17. Nxc8 Rfxc8 18. a3 Ne5 19. Nxe5 Bxe5 20. Bxb6 Bxa1 21. Rxa1 Qf6 22. Ra2 Qe5 23. a4 Re8 24. a5 f5 25. Bd3 f4 26.
Qb2 Qg5 27. f3 e5 28. Bc4+ Kh7 29. Qd2 Kh8 30. Qd6 Red8 31. Bxd8 Rxd8 32. Qc5 Rd1+ 33.
Bf1 Qd8 34. Qc2 Qd4+ 35. Qf2 Qd3 36. Re2 Qb1 37. Rb2 Qd3 38. a6 bxa6 39. Re2 Qb1 40. Ra2 Qxb4 41. Qe2 Qb1 42. Rxa6 Qc1 43. Ra2 Re1 44.
Qf2 Kh7 45. Rc2 Qb1 46. Rxc6 Rd1 47. Rc2 Qb3 48. Re2 Qb1 49. Ra2 Rxf1+ 50. Qxf1 Qxa2 51. Qd1 Qc4 52. Qa1 Qe2 53. Qxe5 Qe1+ 54. Kh2 Qg3+ 55. Kh1 Qe1+ 56. Kh2 Qg3+ 57. Kg1 Qe1+ 58. Kh2 1/2-1/2

[Event "*** Titled Tuesday Blitz"]
[Site "Chess.com"]
[Date "2020.12.29"]
[Round "11"]
[White "drragnar1"]
[Black "ChessQueen"]
[Result "0-1"]
[WhiteElo "2441"]
[BlackElo "2710"]
[TimeControl "180+1"]
[EndTime "12:06:33 PST"]
[Termination "ChessQueen won by resignation"]

1. g3 d5 2. Bg2 Nf6 3. Nf3 Nc6 4. O-O e5 5. d3 Be7 6. c4 dxc4 7. dxc4 Be6 8. b3 Qc8 9. Bb2 e4 10. Ng5 Bf5 11. Nc3 e3 12. f4 O-O 13. Nd5 Nxd5 14.
cxd5 Nb4 15. Ne4 Rd8 16. Qd4 Bf8 17. Rac1 Nxd5 18. Ng5 c6 19. Rfd1 f6 20. Nf3 Qe6 21.
Nh4 Bg4 22. Qc4 Nb4 23. Qxe6+ Bxe6 24. f5 Bf7 25. a3 Na2 26. Ra1 Bxb3 27. Rxd8 Rxd8 28.
Be4 Rd2 29. Rb1 Rd1+ 30. Rxd1 Bxd1 31. Bd3 b5 32. Nf3 Bb3 33. Nd4 Bd5 34. Bb1 b4 35.
Nxc6 Nc3 36. Bxc3 bxc3 37. Nd4 Bxa3 38. Kf1 Bc5 39. Nc2 a5 40. Ke1 a4 41. Kd1 a3 42.
Ne1 a2 43. Bxa2 Bxa2 44. Kc2 Bd4 45. Nf3 Be5 46. Nxe5 fxe5 47. Kxc3 Kf7 48. Kd3 Kf6 49.
Kxe3 Kxf5 50. Kf3 h5 51. Kf2 Kg4 52. Kg2 Bd5+ 53. Kf2 Kh3 54. Kg1 Bc4 55. e3 Bd5 56. Kf2 Kxh2 0-1

[Event "*** Titled Tuesday Blitz"]
[Site "Chess.com"]
[Date "2020.12.29"]
[Round "11"]
[White "Flopezin"]
[Black "Heineccius"]
[Result "1-0"]
[WhiteElo "2416"]
[BlackElo "2569"]
[TimeControl "180+1"]
[EndTime "12:06:35 PST"]
[Termination "Flopezin won by resignation"]

1. c4 Nf6 2. Nc3 c5 3. Nf3 e6 4.
d4 cxd4 5. Nxd4 a6 6. g3 Qc7 7. b3 d5 8. e3 dxc4 9. bxc4 b5 10. Bg2 Bb7 11. Bxb7 Qxb7 12. O-O b4 13. Rb1 Nbd7 14.
a3 a5 15. Qa4 Be7 16. Qb5 Qc7 17.
axb4 axb4 18. Nce2 O-O-O 19. Nc6 Bc5 20. Nxd8 Rxd8 21.
Rd1 Qb6 22. Bd2 Qxb5 23. cxb5 Ne5 24. Nd4 Bxd4 25. exd4 Rxd4 26. Bxb4 Re4 27. b6 Nd5 28. b7+ Kxb7 29. Bf8+ Kc6 30. Bxg7 Nc4 31. Rbc1 Nb6 32. Bd4 Kb5 33. Rb1+ Kc6 34. f3 Re2 35. Bf2 Nd5 36.
Kf1 Rc2 37. Rbc1 Rxc1 38. Rxc1 Kb5 39. f4 Nb4 40. Ke2 Na2 41. Rc2 Nb4 42. Rc1 Na2 43.
Rb1+ Kc6 44. Kd3 Nd6 45. Rb6+ Kd5 46. Rb2 Nc1+ 47. Kd2 Nc4+ 48. Kxc1 Nxb2 49. Kxb2 Ke4 50. Kc3 Kf3 51. Bd4 Kg2 52. Bf6 Kxh2 53. Bh4 Kh3 54.
Kd4 Kg4 55. Ke5 Kh5 56. Kf6 e5 57. Kxe5 Kg4 58. Kf6 h5 59. Kxf7 1-0

[Event "*** Titled Tuesday Blitz"]
[Site "Chess.com"]
[Date "2020.12.29"]
[Round "11"]
[White "olksuna"]
[Black "Mikhail_Golubev"]
[Result "1-0"]
[WhiteElo "2648"]
[BlackElo "2509"]
[TimeControl "180+1"]
[EndTime "12:06:37 PST"]
[Termination "olksuna won on time"]

1. e4 c5 2. Nf3 d6 3. c3 Nf6 4. Be2 Nbd7 5. Qc2 Qc7 6. O-O e6 7. Na3 Be7 8. d4 cxd4 9. Nxd4 a6 10. Nc4 b5 11. Ne3 Bb7 12. f3 Rc8 13. a4 b4 14. cxb4 Qb6 15. Qd2 d5 16. a5 Qxb4 17. exd5 Nxd5 18. Nxd5 Bxd5 19. Qxb4 Bxb4 20. Bxa6 Ra8 21.
Bb5 Rxa5 22. Be3 Ke7 23. Bc6 Rc8 24. Rxa5 Bxa5 25. Bxd5 exd5 26. Ra1 Bb6 27. b4 g6 28.
Bg5+ f6 29. Be3 Kf7 30. b5 Ne5 31. Bf2 Nd3 32. Rd1 Nxf2 33. Kxf2 Rc4 34. Ke3 Rb4 35. Rd2 g5 36. g4 Ke7 37. Rc2 Bxd4+ 38. Kd3 Be5 39. Ra2 Rxb5 40. Ra7+ Ke6 41. Rxh7 Rb3+ 42. Ke2 Rb2+ 43. Kd3 Rb3+ 44. Ke2 d4 45. h4 d3+ 46. Kf2 Bf4 47. hxg5 fxg5 48. Rh6+ Kf7 49. Rh7+ Kg6 50. Rd7 d2 51. Kg2 Rb1 52. Kh3 d1=Q 53. Rd2 1-0

[Event "*** Titled Tuesday Blitz"]
[Site "Chess.com"]
[Date "2020.12.29"]
[Round "11"]
[White "eightbyeightchess"]
[Black "Kazmin_Dmitrij"]
[Result "1-0"]
[WhiteElo "2380"]
[BlackElo "2260"]
[TimeControl "180+1"]
[EndTime "12:06:38 PST"]
[Termination "eightbyeightchess won on time"]

1. e4 e5 2. Nf3 d6 3. d4 exd4 4.
c3 d3 5. Bxd3 Nf6 6. h3 Be7 7.
O-O O-O 8. c4 Re8 9. Nc3 Bf8 10.
Bg5 Nbd7 11. b4 h6 12. Bh4 c6 13. Bc2 Qc7 14. Bb3 a5 15. a3 Nxe4 16. Nxe4 Rxe4 17. Qd3 Re8 18. Rfe1 Ne5 19. Nxe5 dxe5 20. c5 Be6 21.
Bg3 Bxb3 22. Qxb3 axb4 23. axb4 Rxa1 24. Rxa1 Qd7 25. Ra7 Qc8 26. Qa2 Qd7 27. Kh2 g6 28. Qa6 Re7 29. Qb6 Bg7 30. Ra8+ Kh7 31. Rd8 Qf5 32. b5 cxb5 33. Qxb5 g5 34. c6 bxc6 35. Qxc6 h5 36. Qd6 Re6 37. Qd1 h4 38. Rd3 hxg3+ 39.
Rxg3 Rh6 40. Rf3 Qe6 41. Qc2+ Rg6 42. Rf5 e4 43. Rc5 Be5+ 44. g3 Qd6 45. Rc8 e3 46. Qe2 exf2 47. Qh5+ Rh6 48. Qxf7+ Bg7 49. Qf5+ Qg6 50. Qxf2 Qe4 51. Rc7 Rg6 52. Qa2 Qf5 53. Rf7 Rf6 54. Rxf6 Qxf6 55. h4 gxh4 56. gxh4 Qf4+ 57.
Kg1 Qg4+ 58. Kf1 Qxh4 59. Qc2+ 1-0

[Event "*** Titled Tuesday Blitz"]
[Site "Chess.com"]
[Date "2020.12.29"]
[Round "11"]
[White "KubaGepard"]
[Black "PenguinPacks"]
[Result "0-1"]
[WhiteElo "2299"]
[BlackElo "2452"]
[TimeControl "180+1"]
[EndTime "12:06:42 PST"]
[Termination "PenguinPacks won on time"]

1. e4 c6 2. c4 d5 3. Nc3 dxe4 4.
Nxe4 e5 5. Nf3 Bg4 6. h3 Bh5 7. Ng3 Bxf3 8. Qxf3 Nf6 9. d3 Bc5 10. Bg5 Nbd7 11. Nh5 Rg8 12. a3 Qb6 13. b4 Bxf2+ 14. Qxf2 Qxf2+ 15. Kxf2 Nxh5 16. g4 Nf4 17. Bxf4 exf4 18.
Re1+ Kd8 19. g5 Re8 20. Bg2 Kc7 21. d4 f6 22. h4 a5 23. b5 cxb5 24. cxb5 a4 25. Kf3 fxg5 26. hxg5 Nf8 27. Kxf4 Ne6+ 28. Kg4 Nxd4 29. Rc1+ Kb6 30. Rxh7 Re7 31. Bf1 Rf8 32.
Kh5 Nf3 33. Bg2 Ne5 34. Rd1 Rff7 35. g6 Rf5+ 36. Kh4 Nxg6+ 37. Kg3 Rg5+ 38. Kh2 Re2 39. Rg1 Nf4 40. Rh4 Rexg2+ 41. Rxg2 Nxg2 42. Rd4 Ne3 43. Re4 Nd5 44. Rxa4 Kxb5 45. Ra7 Kb6 46. Ra8 Nc7 47. Rd8 Ra5 48. Rd6+ Ka7 49. Rd3 Nb5 50. Rg3 Rxa3 51. Rxg7 Rc3 52. Rg5 Kb6 53. Kg2 Rc6 54. Rf5 Nd6 55.
Rd5 Kc7 56. Rd2 b5 57. Kf3 Kb6 58. Rb2 Nc4 59. Rb4 Kc5 60. Rb1 Nd2+ 61. Ke2 Nxb1 0-1

[Event "*** Titled Tuesday Blitz"]
[Site "Chess.com"]
[Date "2020.12.29"]
[Round "11"]
[White "Blitzking642"]
[Black "karinachess1"]
[Result "1/2-1/2"]
[WhiteElo "2300"]
[BlackElo "2457"]
[TimeControl "180+1"]
[EndTime "12:06:42 PST"]
[Termination "Game drawn - insufficient material"]

1. e4 d6 2. d4 Nf6 3. Nc3 Nbd7 4. Nf3 e5 5. Bc4 Be7 6. O-O O-O 7.
Re1 c6 8. a4 b6 9. h3 a6 10. d5 Bb7 11. dxc6 Bxc6 12. Bg5 Qc7 13.
Bb3 b5 14. axb5 axb5 15. Rxa8 Rxa8 16. Bxf6 Nxf6 17. Nd5 Bxd5 18. Bxd5 Nxd5 19. Qxd5 Rc8 20. c3 Qc4 21. Rd1 h6 22. Qxc4 Rxc4 23. Nd2 Ra4 24. Kf1 Ra2 25. Rb1 Bg5 26. Ke2 Kf8 27. Kd3 Ke7 28. Nf3 Ke6 29. Nxg5+ hxg5 30. Kc2 g6 31.
Rd1 Ra4 32. f3 f5 33. Kd3 d5 34. exd5+ Kxd5 35. Kc2+ Ke6 36. Rd8 e4 37. Rb8 exf3 38.
gxf3 Rf4 39. Rxb5 Rxf3 40. Rb6+ Kf7 41. c4 Rxh3 42. c5 g4 43. c6 Ke7 44. c7 Kd7 45.
Rc6 Kc8 46. b4 g3 47. b5 g2 48. b6 Rh8 49. Rxg6 Kb7 50. Rxg2 Kxb6 51. Rg7 Rf8 52. Kd3 f4 53. Ke2 f3+ 54. Kf2 Rc8 55. Rg3 Rxc7 56. Rxf3 Rc2+ 57. Kg3 Rc6 58. Kg4 Kc7 59. Kf4 Kb6 60. Ke4 Kb5 61. Kf4 Rc4+ 62. Kg5 Rc5+ 63.
Rf5 Kc4 64. Rxc5+ Kxc5 1/2-1/2